 Dungeon Crawl Stone Soup version 0.26-a0-966-gd078a86f14 (webtiles) character file.

Game seed: 5205295915377926123

1985 Gargoyl the Skirmisher (level 9, -3/73 HPs)
             Began as a Gnoll Abyssal Knight on Dec 3, 2020.
             Was an Elder of Lugonu.
             Engulfed by a cloud of flame (38 damage)
             ... on level 6 of the Dungeon.
             The game lasted 00:09:28 (5942 turns).

Gargoyl the Skirmisher (Gnoll Abyssal Knight)       Turns: 5942, Time: 00:09:28

Health: -3/73      AC: 16    Str: 18    XL:     9   Next: 21%
Magic:  15/15      EV: 12    Int: 13    God:    Lugonu [****..]
Gold:   428        SH:  9    Dex: 11    Spells: 16/16 levels left

rFire    . . .     SeeInvis .   h - +5 war axe
rCold    . . .     Faith    .   d - +0 kite shield
rNeg     + . .     Spirit   .   l - +0 steam dragon scales
rPois    +         Reflect  .   e - +0 helmet
rElec    .         Harm     .   w - +2 ratskin cloak {*Rats rPois rN+ Str-1 Int-1 Dex+1}
rCorr    .         Rampage  .   (no gloves)
MR       .....                  m - +0 pair of boots
Stlth    ++........             (no amulet)
HPRegen  0.22/turn              b - +4 ring of protection
MPRegen  0.14/turn              x - -4 ring of dexterity (curse)

@: no status effects
A: distributed training, fangs 1, strong nose
a: Depart the Abyss, Bend Space, Banish, Corrupt, Renounce Religion


You were on level 6 of the Dungeon.
You worshipped Lugonu.
Lugonu was greatly pleased with you.
You visited 1 branch of the dungeon, and saw 6 of its levels.
You visited the Abyss 1 time.

You collected 428 gold pieces.

Inventory:

Hand Weapons
 a - a +3 hand axe
 h - a +5 war axe (weapon)
 r - a +1 whip of electrocution
Armour
 d - a +0 kite shield (worn)
 e - a +0 helmet (worn)
 l - +0 steam dragon scales (worn)
 m - a +0 pair of boots (worn)
 w - the +2 ratskin cloak (worn) {*Rats rPois rN+ Str-1 Int-1 Dex+1}
   (You found it on level 5 of the Dungeon)

   It affects your strength (-1).
   It affects your intelligence (-1).
   It affects your dexterity (+1).
   It protects you from poison.
   It protects you from negative energy.
Jewellery
 b - a +4 ring of protection (left hand)
 t - an uncursed ring of stealth
 x - a cursed -4 ring of dexterity (right hand)
Wands
 q - a wand of polymorph (4)
 v - a wand of random effects (21)
Scrolls
 g - 7 scrolls of teleportation
 k - a scroll of identify
Potions
 c - 3 potions of attraction
 f - a potion of heal wounds
 i - 3 potions of curing
 j - a potion of haste
 n - a potion of lignification
 o - a potion of magic
 s - 2 potions of brilliance {unknown}
 u - 2 potions of might {unknown}


   Skills:
 + Level 7.7 Fighting
 + Level 4.0 Short Blades
 + Level 4.0 Long Blades
 + Level 6.1 Axes
 + Level 4.0 Maces & Flails
 + Level 4.0 Polearms
 + Level 4.0 Staves
 + Level 4.0 Slings
 + Level 4.0 Bows
 + Level 4.0 Crossbows
 + Level 4.0 Throwing
 + Level 6.1 Armour
 + Level 4.8 Dodging
 + Level 4.0 Stealth
 + Level 4.0 Shields
 + Level 4.0 Unarmed Combat
 + Level 4.0 Spellcasting
 + Level 3.3 Conjurations
 + Level 3.3 Hexes
 + Level 3.3 Summonings
 + Level 3.3 Necromancy
 + Level 3.3 Translocations
 + Level 3.3 Transmutations
 + Level 3.3 Fire Magic
 + Level 3.3 Ice Magic
 + Level 3.3 Air Magic
 + Level 3.3 Earth Magic
 + Level 3.3 Poison Magic
 + Level 6.4 Invocations
 + Level 4.0 Evocations


You had 16 spell levels left.
You didn't know any spells.
Your spell library contained the following spells:

 Spells                   Type           Power        Failure   Level
 Animate Skeleton         Necr           ##....       22%         1
 Apportation              Tloc           ##....       22%         1
 Corona                   Hex            ##.....      22%         1
 Summon Small Mammal      Summ           ##..         22%         1
 Ensorcelled Hibernation  Hex/Ice        ##....       32%         2
 Confusing Touch          Hex            ##......     54%         3
 Dazzling Flash           Conj/Hex       ##....       54%         3
 Tukima's Dance           Hex            ##......     54%         3


Dungeon Overview and Level Annotations

Branches:
Dungeon (6/15)             Temple (0/1) D:5

Altars:
Dithmenos
Gozag
Wu Jian


Innate Abilities, Weirdness & Mutations

Your experience applies equally to all skills.
You have very sharp teeth.
Your uncanny sense of smell can sniff out nearby items.


Message History

You're wearing all the rings you can.
Remove which one? (? for menu, Esc to quit)
You remove your ring of stealth.
You feel clumsy.
Oops, that ring feels deathly cold.
x - a cursed -4 ring of dexterity (right hand)
As you read the scroll labelled EWONUIL ACOTH, it crumbles to dust.
The creatures around you are filled with an inner flame!
It was a scroll of immolation.
The iguana hisses angrily.
The iguana bites you.
You slash the iguana!
Flame seeps out of the iguana.
The iguana is heavily wounded.
The iguana is engulfed in blazing flames.
Flame seeps out of the iguana.
The iguana bites you!
You slash the iguana! Lugonu accepts your kill.
The iguana explodes!
The fiery explosion engulfs you!!
You are engulfed in blazing flames.
Ouch! That really hurt!
You die...

.##..........).......#
##..#............)...#
#......####..........#
[.....## #..........#
.##.### #..#.#######
.## #.##.# ....# #.
#.# ##### #.##.####
..# #.....@°# #.#
#.!....§§# .#
#........# ...
..........# ....
##..######## ..# #.#
... .. ... #


There were no monsters in sight!

Vanquished Creatures
  Pikel (D:5)
  A wyvern (D:4)
  A black bear (D:6)
  3 sky beasts
  A big kobold (D:4)
  A bullfrog (D:5)
  4 wights (D:6)
  A hound (D:6)
  2 orc wizards
  Crazy Yiuf (D:2)
  A bullfrog skeleton (D:4)
  An orc priest (D:4)
  An iguana (D:6)
  A hell rat (D:5)
  3 worker ants
  Robin (D:2)
  8 adders
  6 gnolls
  6 river rats (D:5)
  4 white imps
  An ufetubus (D:5)
  An ooze (D:3)
  An adder skeleton (D:5)
  An adder zombie (D:5)
  2 worms (D:2)
  4 dart slugs
  2 leopard geckos (D:5)
  6 orcs
  11 bats
  4 giant cockroaches
  21 goblins
  6 hobgoblins
  13 jackals
  7 kobolds
  2 quokkas
  4 frilled lizards
  18 rats
152 creatures vanquished.

Vanquished Creatures (collateral kills)
  Edmund (D:6)
  A wight (D:6)
2 creatures vanquished.

Vanquished Creatures (others)
  4 fungi (D:2)
  4 toadstools (D:2)
8 creatures vanquished.

Grand Total: 162 creatures vanquished

Notes
Turn   | Place    | Note
-------+----------+-------------------------------------------
     0 | Abyss:1  | Gargoyl the Gnoll Abyssal Knight began the quest for the
                  | Orb.
     0 | Abyss:1  | Reached XP level 1. HP: 23/23 MP: 3/3
    80 | Abyss:2  | Noticed a small abomination
   193 | Abyss:4  | Found a corrupted altar of Lugonu.
   193 | Abyss:4  | Noticed a blink frog
   193 | Abyss:4  | Noticed a mad acolyte of Lugonu
   193 | Abyss:4  | Noticed a blink frog
   193 | Abyss:4  | Noticed a merfolk avatar
   193 | Abyss:4  | Noticed a blink frog
   193 | Abyss:4  | Noticed a blink frog
   194 | D:1      | Escaped the Abyss
   372 | D:1      | Reached XP level 2. HP: 22/29 MP: 5/5
   719 | D:1      | Reached * piety under Lugonu
  1062 | D:1      | Reached XP level 3. HP: 30/35 MP: 6/6
  1801 | D:2      | Reached skill level 1 in Short Blades
  1801 | D:2      | Reached skill level 1 in Long Blades
  1801 | D:2      | Reached skill level 1 in Maces & Flails
  1801 | D:2      | Reached skill level 1 in Polearms
  1801 | D:2      | Reached skill level 1 in Staves
  1801 | D:2      | Reached skill level 1 in Slings
  1801 | D:2      | Reached skill level 1 in Bows
  1801 | D:2      | Reached skill level 1 in Crossbows
  1801 | D:2      | Reached skill level 1 in Throwing
  1801 | D:2      | Reached skill level 1 in Stealth
  1801 | D:2      | Reached skill level 1 in Shields
  1801 | D:2      | Reached skill level 1 in Unarmed Combat
  1801 | D:2      | Reached skill level 1 in Spellcasting
  1801 | D:2      | Reached skill level 1 in Evocations
  1823 | D:2      | Reached XP level 4. HP: 39/41 MP: 7/7
  2042 | D:2      | Found an ornate altar of the Wu Jian Council.
  2049 | D:2      | Reached ** piety under Lugonu
  2088 | D:2      | Found a shadowy altar of Dithmenos.
  2124 | D:2      | Noticed Robin
  2130 | D:2      | Reached skill level 1 in Conjurations
  2130 | D:2      | Reached skill level 1 in Hexes
  2130 | D:2      | Reached skill level 1 in Summonings
  2130 | D:2      | Reached skill level 1 in Necromancy
  2130 | D:2      | Reached skill level 1 in Translocations
  2130 | D:2      | Reached skill level 1 in Transmutations
  2130 | D:2      | Reached skill level 1 in Fire Magic
  2130 | D:2      | Reached skill level 1 in Ice Magic
  2130 | D:2      | Reached skill level 1 in Air Magic
  2130 | D:2      | Reached skill level 1 in Earth Magic
  2130 | D:2      | Reached skill level 1 in Poison Magic
  2144 | D:2      | Killed Robin
  2531 | D:2      | Found a runed translucent door.
  2532 | D:2      | Noticed Crazy Yiuf
  2540 | D:2      | Killed Crazy Yiuf
  2541 | D:2      | Reached XP level 5. HP: 33/47 MP: 8/8
  3563 | D:4      | Reached *** piety under Lugonu
  3564 | D:4      | Reached skill level 5 in Invocations
  3568 | D:4      | Reached XP level 6. HP: 39/53 MP: 9/9
  3796 | D:4      | Reached skill level 5 in Axes
  3796 | D:4      | Reached skill level 5 in Armour
  3834 | D:4      | Noticed a wyvern
  3834 | D:4      | an ogre changed into a wyvern
  3842 | D:4      | Killed a wyvern
  3843 | D:4      | Reached XP level 7. HP: 44/59 MP: 10/10
  4215 | D:4      | Reached skill level 7 in Fighting
  4295 | D:5      | Entered Level 5 of the Dungeon
  4333 | D:5      | Found a staircase to the Ecumenical Temple.
  5091 | D:5      | Found the +2 ratskin cloak {*Rats rPois rN+ Str-1 Int-1
                  | Dex+1}
  5246 | D:6      | Found an opulent altar of Gozag.
  5285 | D:5      | Reached XP level 8. HP: 62/67 MP: 12/12
  5342 | D:6      | Reached **** piety under Lugonu
  5430 | D:6      | Noticed Pikel
  5709 | D:5      | Killed Pikel
  5710 | D:5      | Reached XP level 9. HP: 62/73 MP: 14/14
  5776 | D:6      | Noticed Edmund
  5784 | D:6      | Killed Edmund
  5942 | D:6      | Engulfed by a cloud of flame

Illustrated notes

Levels and vault maps discovered:
D:1:      lemuel_arrival_lava_pool, layout_basic, minmay_tetromino_s2
D:2:      layout_rooms, lemuel_round_altar, minmay_gold_behind_fungi,
          nicolae_dithmenos_shadow_blocks, uniq_robin, uniq_crazy_yiuf_cottage
D:3:      layout_loops_ring
D:4:      layout_loops_cross
D:5:      wander_guarded_unrand_ratskin, layout_basic,
          minmay_temple_entry_junction
D:6:      layout_rooms, tgw_trog, lemuel_crystal_altar, general_overflow_altar,
          uniq_blork_the_orc, uniq_pikel, uniq_edmund

Skill      XL: |  1  2  3  4  5  6  7  8  9 |
---------------+----------------------------+-----
Short Blades   | 1 2 3 4 |  4.0
Long Blades    | 1 2 3 4 |  4.0
Maces & Flails | 1 2 3 4 |  4.0
Polearms       | 1 2 3 4 |  4.0
Staves         | 1 2 3 4 |  4.0
Slings         | 1 2 3 4 |  4.0
Bows           | 1 2 3 4 |  4.0
Crossbows      | 1 2 3 4 |  4.0
Throwing       | 1 2 3 4 |  4.0
Stealth        | 1 2 3 4 |  4.0
Shields        | 1 2 3 4 |  4.0
Unarmed Combat | 1 2 3 4 |  4.0
Spellcasting   | 1 2 3 4 |  4.0
Evocations     | 1 2 3 4 |  4.0
Conjurations   | 1 2 3 |  3.3
Hexes          | 1 2 3 |  3.3
Summonings     | 1 2 3 |  3.3
Necromancy     | 1 2 3 |  3.3
Translocations | 1 2 3 |  3.3
Transmutations | 1 2 3 |  3.3
Fire Magic     | 1 2 3 |  3.3
Ice Magic      | 1 2 3 |  3.3
Air Magic      | 1 2 3 |  3.3
Earth Magic    | 1 2 3 |  3.3
Poison Magic   | 1 2 3 |  3.3
Dodging        | 3 4 |  4.8
Invocations    | 5 6 |  6.4
Axes           | 5 6 |  6.1
Armour         | 5 6 |  6.1
Fighting       | 7 |  7.7

Action                   |  1- 3 |  4- 6 |  7- 9 || total
-------------------------+-------+-------+-------++-------
Melee: Hand axe          |    98 |   148 |    67 ||   313
       Bite              |     8 |    22 |    18 ||    48
       Whip              |       |    28 |   116 ||   144
       War axe           |       |       |    19 ||    19
Invok: Depart the Abyss  |     1 |       |       ||     1
       Bend Space        |       |       |     1 ||     1
Evoke: Wand              |       |     1 |     1 ||     2
  Use: Scroll            |     5 |     6 |     3 ||    14
       Potion            |     1 |       |       ||     1
 Stab: Sleeping          |       |     1 |     8 ||     9
       Distracted        |       |       |     1 ||     1
Armor: Leather armour    |     9 |       |       ||     9
       Steam dragon scal |    24 |    90 |    73 ||   187
Dodge: Dodged            |    42 |   103 |    90 ||   235
Block: Kite shield       |    42 |    73 |    74 ||   189

Table legend: (Time is in decaauts)
 A = Elapsed time spent in this place.
 B = Non-inter-level travel time spent in this place.
 C = Inter-level travel time spent in this place.
 D = Time resting spent in this place.
 E = Time spent auto-exploring this place.
 F = Levels seen in this place.
 G = Mean time per level.
                   A        B        C        D        E       F      G
               +--------+--------+--------+--------+--------+-----+--------+
         Total |   5975 |   5718 |    257 |    603 |   3681 |  10 |  597.5 |
       Dungeon |   5802 |   5545 |    257 |    598 |   3555 |   6 |  967.0 |
         Abyss |    172 |    172 |      0 |      5 |    125 |   4 |   43.0 |
               +--------+--------+--------+--------+--------+-----+--------+

Top non-repeatable levels by time:
     D:1: 1585 daAuts
     D:5: 1300 daAuts
     D:2: 920 daAuts
     D:4: 894 daAuts
     D:3: 736 daAuts
     D:6: 365 daAuts
 Abyss:2: 70 daAuts
 Abyss:3: 57 daAuts
 Abyss:1: 44 daAuts
 Abyss:4: 0 daAuts
